 Dungeon Crawl Stone Soup version 0.16.1-14-g82efdee (webtiles) character file.

374 karlm the Conjurer (level 6, -3/49 HPs)
             Began as a Naga Wizard on Apr 11, 2015.
             Slain by a troll zombie (9 damage)
             ... in an ossuary.
             The game lasted 00:16:23 (5924 turns).

karlm the Conjurer (Naga Wizard)                    Turns: 5924, Time: 00:16:24

Health: -3/49      AC:  6    Str:  9    XL:     6   Next: 72%
Magic:  12/12      EV:  9    Int: 20    God:
Gold:   147        SH:  0    Dex: 10    Spells: 5 memorised, 1 level left

rFire  . . .     SeeInvis +     s - +0 spear
rCold  . . .     Clarity  .     a - +0 robe (curse)
rNeg   . . .     SustAb   .     (no shield)
rPois  +         Gourm    .     f - +2 helmet (curse)
rElec  .         Spirit   .     (no cloak)
rCorr  .         Warding  .     (no gloves)
rMut   .         Stasis   .     (no barding)
MR     .....                    (no amulet)
Stlth  ++........               (no ring)
                                (no ring)

@: very slow, not resistant to hostile enchantments, unstealthy
A: spit poison, see invisible, deformed body, poison resistance, slowness 2, AC
+2
a: Spit Poison


You were in an ossuary.
You were not hungry.

You visited 1 branch of the dungeon, and saw 5 of its levels.
You also visited: Ossuary.

You collected 147 gold pieces.

Inventory:

Hand weapons
 s - a +0 spear (weapon)
Missiles
 e - 159 stones (quivered)
 n - 31 poisoned needles
 q - 9 tomahawks
Armour
 a - a cursed +0 robe (worn)
 f - a cursed +2 helmet (worn)
Jewellery
 r - an uncursed amulet of faith {unknown}
 w - a cursed amulet of inaccuracy {unknown}
Scrolls
 g - a scroll of fear
 h - a scroll of identify
 j - 3 scrolls of remove curse
 k - a scroll of enchant weapon
 p - 3 scrolls of teleportation
 t - a scroll of magic mapping
 x - a scroll of blinking
Potions
 z - a potion of agility
Books
 c - a book of Minor Magic

   Spells                             Type                      Level
   a - Magic Dart                     Conjuration                  1
   b - Blink                          Translocation                2
   c - Call Imp                       Summoning                    2
   d - Repel Missiles                 Charms/Air                   2
   e - Slow                           Hexes                        2
   f - Conjure Flame                  Conjuration/Fire             3
   g - Mephitic Cloud                 Conjuration/Poison/Air       3
Comestibles
 d - 2 bread rations


   Skills:
 - Level 1.5 Dodging
 - Level 3.0 Stealth
 - Level 3.0 Spellcasting
 + Level 4.4 Conjurations
 + Level 2.9 Summonings
 - Level 1.0 Translocations
 * Level 3.8 Fire Magic


You had one spell level left.
You knew the following spells:

 Your Spells              Type           Power        Failure   Level  Hunger
a - Magic Dart            Conj           ###.         2%          1    None
b - Call Imp              Summ           ##......     10%         2    ##.....
c - Conjure Flame         Conj/Fire      ###.....     10%         3    ###....
d - Blink                 Tloc           N/A          17%         2    ##.....
e - Repel Missiles        Chrm/Air       #.....       24%         2    ##.....


Dungeon Overview and Level Annotations

Branches:
Dungeon (5/15)
 Temple: D:4-7

Altars:


Innate Abilities, Weirdness & Mutations

You cannot wear boots.
You can spit poison.
Your serpentine skin is tough (AC +2).
You have supernaturally acute eyesight.
Armour fits poorly on your strangely shaped body.
Your system is resistant to poisons.
You cover ground very slowly.


Message History

Your iron imp dies!
You closely miss the troll zombie.
Your crimson imp barely misses the troll zombie.
The troll zombie bites you but does no damage.
The troll zombie completely misses you. The troll zombie misses you.
You bump into the stone wall.
You feel less invigorated.
You feel less confused.
Your crimson imp blinks! x2
The troll zombie bites you! The troll zombie closely misses you.
The troll zombie claws you.
You hit the troll zombie. You hit the troll zombie.
The troll zombie closely misses you.
The troll zombie claws you but does no damage.
The troll zombie barely misses you.
You barely miss the troll zombie. The troll zombie bites you!
* * * LOW HITPOINT WARNING * * *
The troll zombie claws you.
* * * LOW HITPOINT WARNING * * *
The troll zombie claws you!
You die...

..# #....#....#.#..#
..# #....#....#.'..#
..# #....#....###..#
..# .5. #....#.#..#
######+##'###'####.#..#
...#...#...#...#...#..#
'###'###'###'###'###..#
......................#
...........5...Z@5...∩#
#######################


You could see a troll zombie and 2 friendly crimson imps.

Vanquished Creatures
  3 centaur zombies (Ossuary)
  A human zombie (Ossuary)
  An orc wizard (D:4)
  An ogre zombie (Ossuary)
  A mummy (Ossuary)
  An adder (D:2)
  A giant mite (D:2)
  A worm (D:2)
  3 adder zombies (Ossuary)
  A giant gecko (D:3)
  3 orcs
  2 ball pythons (D:1)
  7 bats
  5 giant cockroaches
  A gnoll zombie (Ossuary)
  8 hobgoblins
  A quokka (D:2)
  14 goblins
  4 goblin zombies (Ossuary)
  A hobgoblin zombie (Ossuary)
  3 jackals
  11 kobolds
  2 kobold zombies (Ossuary)
  2 orc zombies (Ossuary)
  2 quokka zombies (Ossuary)
  12 rats
  2 rat zombies (Ossuary)
94 creatures vanquished.

Vanquished Creatures (collateral kills)
  An orc priest (D:4)
  A hound (D:4)
  An orc wizard (D:4)
  2 worker ants (D:4)
  A mummy (Ossuary)
  Robin (D:2)
  An adder (D:3)
  A giant mite (D:2)
  An adder zombie (Ossuary)
  An adder skeleton (D:4)
  A giant gecko (D:4)
  5 orcs
  A giant cockroach (D:4)
  3 goblins (D:2)
  3 hobgoblins
  5 jackals
  A giant newt (D:1)
  A goblin zombie (Ossuary)
  2 kobolds
  A kobold zombie (Ossuary)
  2 quokka zombies (Ossuary)
  2 rats
  2 rat zombies (Ossuary)
40 creatures vanquished.

Vanquished Creatures (others)
  The ghost of karlm the Conjurer, an average NaWz (D:4)
  An ogre (D:4)
  A crimson imp (Ossuary)
  An iron imp (Ossuary)
  A white imp (Ossuary)
  A shadow imp (Ossuary)
  A bat (D:4)
7 creatures vanquished.

Grand Total: 141 creatures vanquished

Notes
Turn   | Place    | Note
--------------------------------------------------------------
     0 | D:1      | karlm, the Naga Wizard, began the quest for the Orb.
     0 | D:1      | Reached XP level 1. HP: 15/15 MP: 4/4
   464 | D:1      | Reached XP level 2. HP: 22/22 MP: 3/6
  1012 | D:1      | Reached XP level 3. HP: 24/28 MP: 7/7
  1044 | D:1      | Learned a level 2 spell: Call Imp
  1048 | D:1      | Learned a level 3 spell: Conjure Flame
  1051 | D:1      | Learned a level 2 spell: Blink
  1385 | D:2      | Noticed Robin
  1404 | D:2      | Killed Robin
  2426 | D:2      | Reached XP level 4. HP: 25/36 MP: 1/9
  2427 | D:2      | Reached skill level 1 in Fire Magic
  3844 | D:4      | Reached XP level 5. HP: 36/42 MP: 6/11
  3890 | D:4      | Learned a level 2 spell: Repel Missiles
  4127 | D:4      | Killed karlm's ghost
  4363 | D:4      | Reached skill level 4 in Conjurations
  4429 | D:4      | Killed an ogre
  4605 | D:4      | Found a staircase to the Ecumenical Temple.
  4701 | D:5      | Entered Level 5 of the Dungeon
  4798 | D:4      | Reached XP level 6. HP: 32/49 MP: 5/12
  4937 | D:5      | Found a sand-covered staircase.
  4952 | Ossuary  | Entered an ossuary
  5924 | Ossuary  | Slain by a troll zombie

Action                   |  1- 3 |  4- 6 || total
-------------------------+-------+-------++-------
Melee: Unarmed           |     2 |       ||     2
       Whip              |     4 |       ||     4
       Hand axe          |    47 |     7 ||    54
       Spear             |       |   214 ||   214
 Cast: Magic Dart        |    31 |    52 ||    83
       Call Imp          |    22 |    74 ||    96
 Abil: Spit Poison       |    22 |     7 ||    29
  Use: Potion            |       |     7 ||     7
       Scroll            |       |     9 ||     9
 Stab: Sleeping          |     1 |     8 ||     9
       Distracted        |     1 |     3 ||     4
  Eat: Chunk             |     7 |    11 ||    18
       Bread ration      |       |     1 ||     1
